NYP
BATAVIA MUCKDOGS @ BOISE HAWKS
05/11/2048
 
TOP OF THE 1ST
Batavia Muckdogs batting - Pitching for Boise Hawks : LHP Bill Hussey
Pitching: LHP Bill Hussey
Batting: SHB Justin Corbett 0-0: Called Strike
0-1: Called Strike
0-2: Ball
1-2: Foul Ball, location: 2F
1-2: Ball
2-2: Ball
3-2: SOLO HOME RUN (Flyball, 7D, EV 98.1 MPH), Distance : 393 ft
Batting: RHB George Boivin 0-0: Foul Ball, location: 2F
0-1: Ball
1-1: Ball
2-1: Ball
3-1: Base on Balls
Batting: SHB Greg Rivera 0-0: Swinging Strike
0-1: Ball
1-1: Called Strike
1-2: Ball
2-2: Strikes out looking
Batting: RHB Justin Dunham 0-0: Called Strike
0-1: Ball
1-1: Ball
2-1: Ball
3-1: Base on Balls
George Boivin to second
Batting: RHB Reomel Somera 0-0: Called Strike
0-1: DOUBLE (Line Drive, 89D, EV 103.8 MPH)
George Boivin scores
Justin Dunham to third
Batting: LHB Danny Treto 0-0: Ball
1-0: Ball
2-0: Ball
3-0: Called Strike
3-1: Foul Ball, location: 2F
3-2: Base on Balls
Batting: RHB Andy Kelly 0-0: Foul Ball, location: 2F
0-1: Ball
1-1: Called Strike
1-2: Strikes out swinging
Batting: RHB Hiromitsu Yamada 0-0: Fielders Choice at 2nd, 5-4 (Groundball, 56, EV 101.2 MPH)
Top of the 1st over - 2 runs, 2 hits, 0 errors, 3 left on base; Batavia 2 - Boise 0
BOTTOM OF THE 1ST
Boise Hawks batting - Pitching for Batavia Muckdogs : RHP Jesus Gomez
Pitching: RHP Jesus Gomez
Batting: LHB Jerry Santana 0-0: Called Strike
0-1: Foul Ball, location: 2F
0-2: Strikes out swinging
Batting: SHB Ken Griffey IV 0-0: Ball
1-0: TRIPLE (Flyball, 78XD, EV 98.8 MPH)
Batting: LHB Jason Ryan 0-0: Ball
1-0: Foul Ball, location: 2F
1-1: Ball
2-1: Ball
Wild Pitch!
Ken Griffey IV scores
3-1: Swinging Strike
3-2: Strikes out swinging
Batting: SHB Chris Besselman 0-0: Called Strike
0-1: Foul Ball, location: 2F
0-2: Ground out 4-3 (Groundball, 4, EV 108.8 MPH)
Bottom of the 1st over - 1 run, 1 hit, 0 errors, 0 left on base; Batavia 2 - Boise 1
TOP OF THE 2ND
Batavia Muckdogs batting - Pitching for Boise Hawks : LHP Bill Hussey
Batting: RHB Jeremy Dennis 0-0: Foul Ball, location: 2F
0-1: Ball
1-1: Swinging Strike
1-2: Foul Ball, location: 2F
1-2: Fly out, F3 (Line Drive, 3, EV 69.4 MPH)
Batting: SHB Justin Corbett 0-0: Ball
1-0: Foul Ball, location: 2F
1-1: Swinging Strike
1-2: Ground out 6-3 (Groundball, 6M, EV 88.8 MPH)
Batting: RHB George Boivin 0-0: Ball
1-0: Called Strike
1-1: Foul Ball, location: 2F
1-2: Foul Ball, location: 2F
1-2: Ground out 6-3 (Groundball, 6, EV 85.0 MPH)
Top of the 2nd over - 0 runs, 0 hits, 0 errors, 0 left on base; Batavia 2 - Boise 1
BOTTOM OF THE 2ND
Boise Hawks batting - Pitching for Batavia Muckdogs : RHP Jesus Gomez
Batting: RHB Dan Hoffman 0-0: Ball
1-0: Swinging Strike
1-1: Ball
2-1: Ground out 6-3 (Groundball, 56, EV 98.1 MPH)
Batting: RHB Ryan Ward 0-0: Ball
1-0: Ball
2-0: Ground out 4-3 (Groundball, 4, EV 76.9 MPH)
Batting: LHB Georges Lambert 0-0: Ball
1-0: Foul Ball, location: 2F
1-1: Swinging Strike
1-2: Fly out, F7 (Line Drive, 7LM, EV 95.6 MPH)
Bottom of the 2nd over - 0 runs, 0 hits, 0 errors, 0 left on base; Batavia 2 - Boise 1
TOP OF THE 3RD
Batavia Muckdogs batting - Pitching for Boise Hawks : LHP Bill Hussey
Batting: SHB Greg Rivera 0-0: Called Strike
0-1: Ball
1-1: DOUBLE (Line Drive, 78D, EV 98.8 MPH)
Batting: RHB Justin Dunham 0-0: Called Strike
0-1: Ground out 6-3 (Groundball, 6, EV 96.2 MPH)
Batting: RHB Reomel Somera 0-0: Swinging Strike
0-1: Called Strike
0-2: Ball
1-2: Foul Ball, location: 2F
1-2: Strikes out swinging
Batting: LHB Danny Treto 0-0: Ground out 4-3 (Groundball, 4, EV 75.6 MPH)
Top of the 3rd over - 0 runs, 1 hit, 0 errors, 1 left on base; Batavia 2 - Boise 1
BOTTOM OF THE 3RD
Boise Hawks batting - Pitching for Batavia Muckdogs : RHP Jesus Gomez
Batting: RHB Bob Hayes 0-0: Ground out 1-3 (Groundball, 34S, EV 67.5 MPH)
Batting: RHB Aaron Burnet 0-0: Called Strike
0-1: Called Strike
0-2: Hit by Pitch
Batting: LHB Jerry Santana 0-0: Called Strike
0-1: Ball
1-1: Ball
2-1: Fielders Choice at 2nd, 6-4 (Groundball, 6M, EV 80.6 MPH)
Batting: SHB Ken Griffey IV 0-0: Ball
Jerry Santana steals 2nd base
1-0: Ball
2-0: Called Strike
2-1: Called Strike
2-2: Foul Ball, location: 2F
2-2: Ball
3-2: Fly out, F9 (Flyball, 9, EV 90.6 MPH)
Bottom of the 3rd over - 0 runs, 0 hits, 0 errors, 1 left on base; Batavia 2 - Boise 1
TOP OF THE 4TH
Batavia Muckdogs batting - Pitching for Boise Hawks : LHP Bill Hussey
Batting: RHB Andy Kelly 0-0: Foul Ball, location: 2F
0-1: Ball
1-1: Fly out, F7 (Flyball, 7D, EV 100.6 MPH)
Batting: RHB Hiromitsu Yamada 0-0: Ball
1-0: Ground out 5-3 (Groundball, 5L, EV 91.2 MPH)
Batting: RHB Jeremy Dennis 0-0: Swinging Strike
0-1: Ball
1-1: Ball
2-1: Ground out 5-3 (Groundball, 56, EV 103.8 MPH)
Top of the 4th over - 0 runs, 0 hits, 0 errors, 0 left on base; Batavia 2 - Boise 1
BOTTOM OF THE 4TH
Boise Hawks batting - Pitching for Batavia Muckdogs : RHP Jesus Gomez
Batting: LHB Jason Ryan 0-0: Called Strike
0-1: Ball
1-1: Ground out 3-1 (Groundball, 34, EV 106.9 MPH)
Batting: SHB Chris Besselman 0-0: Ball
1-0: Foul Ball, location: 2F
1-1: Ball
2-1: Ball
3-1: Ground out 5-3 (Groundball, 5, EV 81.9 MPH)
Batting: RHB Dan Hoffman 0-0: Fly out, F7 (Flyball, 7S, EV 73.8 MPH)
Bottom of the 4th over - 0 runs, 0 hits, 0 errors, 0 left on base; Batavia 2 - Boise 1
TOP OF THE 5TH
Batavia Muckdogs batting - Pitching for Boise Hawks : LHP Bill Hussey
Batting: SHB Justin Corbett 0-0: Foul Ball, location: 2F
0-1: Called Strike
0-2: Ball
1-2: Ball
2-2: Ball
3-2: Fly out, F3 (Popup, 23F, EV 76.2 MPH)
Pitching: LHP Matt Belair
Batting: RHB George Boivin 0-0: Reached on error, E5 (Groundball, 56, EV 83.1 MPH)
Batting: SHB Greg Rivera 0-0: 2-RUN HOME RUN (Flyball, 7LD, EV 91.2 MPH), Distance : 344 ft
Batting: RHB Justin Dunham 0-0: Called Strike
0-1: Ball
1-1: Ball
2-1: Foul Ball, location: 2F
2-2: Foul Ball, location: 2F
2-2: Ball
3-2: Ground out 1-3 (Groundball, 13S, EV 68.1 MPH)
Batting: RHB Reomel Somera 0-0: Called Strike
0-1: Fly out, F8 (Line Drive, 8LM, EV 97.5 MPH)
Top of the 5th over - 2 runs, 1 hit, 1 error, 0 left on base; Batavia 4 - Boise 1
BOTTOM OF THE 5TH
Boise Hawks batting - Pitching for Batavia Muckdogs : RHP Jesus Gomez
Batting: RHB Ryan Ward 0-0: Ground out 6-3 (Groundball, 56, EV 101.9 MPH)
Batting: LHB Georges Lambert 0-0: Ground out 5-3 (Groundball, 56, EV 101.2 MPH)
Batting: RHB Bob Hayes 0-0: Fly out, F8 (Flyball, 89M, EV 89.4 MPH)
Bottom of the 5th over - 0 runs, 0 hits, 0 errors, 0 left on base; Batavia 4 - Boise 1
TOP OF THE 6TH
Batavia Muckdogs batting - Pitching for Boise Hawks : LHP Matt Belair
Batting: LHB Danny Treto 0-0: Ball
1-0: Ball
2-0: Ball
3-0: Called Strike
3-1: Base on Balls
Batting: RHB Andy Kelly 0-0: Ball
1-0: Ball
2-0: Ball
3-0: Base on Balls
Danny Treto to second
Batting: RHB Hiromitsu Yamada 0-0: SINGLE (Groundball, 56S, EV 71.9 MPH) (infield hit)
Danny Treto to third
Andy Kelly to second
Batting: RHB Jeremy Dennis 0-0: Ball
1-0: Swinging Strike
1-1: Ball
2-1: Grounds into fielders choice 6-2 (Groundball, 6M, EV 97.5 MPH)
Andy Kelly to third
Hiromitsu Yamada to second
Batting: SHB Justin Corbett 0-0: Ball
1-0: Ball
2-0: Ball
3-0: Base on Balls
Andy Kelly scores
Hiromitsu Yamada to third
Jeremy Dennis to second
Pitching: RHP Kevin LeRette
Batting: RHB George Boivin 0-0: Called Strike
0-1: Called Strike
0-2: Strikes out looking
Batting: SHB Greg Rivera 0-0: Called Strike
0-1: Swinging Strike
0-2: Ground out 4-3 (Groundball, 4, EV 83.1 MPH)
Top of the 6th over - 1 run, 1 hit, 0 errors, 3 left on base; Batavia 5 - Boise 1
BOTTOM OF THE 6TH
Boise Hawks batting - Pitching for Batavia Muckdogs : RHP Jesus Gomez
Batting: RHB Aaron Burnet 0-0: Foul Ball, location: 2F
0-1: Ball
1-1: SINGLE (Groundball, 34S, EV 64.4 MPH) (infield hit)
Batting: LHB Jerry Santana 0-0: Called Strike
0-1: Ball
1-1: Ball
2-1: Called Strike
2-2: Foul Ball, location: 2F
2-2: Strikes out swinging
Batting: SHB Ken Griffey IV 0-0: Ball
1-0: Called Strike
Aaron Burnet steals 2nd base (no throw)
1-1: Ball
Wild Pitch!
Aaron Burnet to third
2-1: Fly out, F7 (Flyball, 7, EV 75.6 MPH)
Batting: LHB Jason Ryan 0-0: Foul Ball, location: 2F
0-1: Called Strike
0-2: Foul Ball, location: 2F
0-2: 2-RUN HOME RUN (Flyball, 9LD, EV 94.4 MPH), Distance : 338 ft
Batting: SHB Chris Besselman 0-0: Ball
1-0: Ball
2-0: Foul Ball, location: 2F
2-1: Called Strike
2-2: Strikes out looking
Bottom of the 6th over - 2 runs, 2 hits, 0 errors, 0 left on base; Batavia 5 - Boise 3
TOP OF THE 7TH
Batavia Muckdogs batting - Pitching for Boise Hawks : RHP Kevin LeRette
Batting: RHB Justin Dunham 0-0: SINGLE (Groundball, 56D, EV 107.5 MPH)
Batting: RHB Reomel Somera 0-0: Ball
1-0: Reached on error, E5 (Groundball, 56, EV 92.5 MPH)
Justin Dunham to second
Batting: LHB Danny Treto 0-0: Ball
1-0: Ball
2-0: Sac Bunt to 25 - play at first, batter OUT! 5-3
Justin Dunham to third
Reomel Somera to second
Batting: RHB Andy Kelly 0-0: Ball
1-0: Called Strike
1-1: Ball
2-1: Ground out 6-3 (Groundball, 56, EV 90.0 MPH)
Batting: RHB Hiromitsu Yamada 0-0: Ground out 5-3 (Groundball, 56, EV 86.2 MPH)
Top of the 7th over - 0 runs, 1 hit, 1 error, 2 left on base; Batavia 5 - Boise 3
BOTTOM OF THE 7TH
Boise Hawks batting - Pitching for Batavia Muckdogs : RHP Jesus Gomez
Batting: RHB Dan Hoffman 0-0: Ball
1-0: Hit by Pitch
Batting: RHB Ryan Ward 0-0: Foul Ball, location: 2F
0-1: Called Strike
0-2: Ball
1-2: Ball
2-2: Foul Ball, location: 2F
2-2: Foul Ball, location: 2F
2-2: Strikes out swinging
Batting: LHB Georges Lambert 0-0: Ball
1-0: Called Strike
1-1: Ground out 6-3 (Groundball, P, EV 83.8 MPH)
Dan Hoffman to second
Batting: RHB Bob Hayes 0-0: Called Strike
0-1: Called Strike
0-2: SINGLE (Line Drive, 8LS, EV 110.0 MPH)
Dan Hoffman to third
Pinch Hitting: SHB Brad Madden 0-0: Foul Ball, location: 2F
0-1: Ball
1-1: Ball
2-1: Fly out, F9 (Flyball, 9LM, EV 80.0 MPH)
Bottom of the 7th over - 0 runs, 1 hit, 0 errors, 2 left on base; Batavia 5 - Boise 3
TOP OF THE 8TH
Batavia Muckdogs batting - Pitching for Boise Hawks : RHP Kevin LeRette
Now at 2B: Brad Madden
Now in LF: Georges Lambert
Batting: RHB Jeremy Dennis 0-0: SINGLE (Groundball, P, EV 83.8 MPH) (infield hit)
Batting: SHB Justin Corbett 0-0: Fly out, F7 (Flyball, 78M, EV 96.2 MPH)
Batting: RHB George Boivin 0-0: Called Strike
0-1: Called Strike
0-2: Strikes out looking
Pitching: LHP Josh Alvarez
Batting: SHB Greg Rivera 0-0: Foul Ball, location: 2F
0-1: Ball
1-1: Foul Ball, location: 2F
1-2: Ball
2-2: Strikes out swinging
Top of the 8th over - 0 runs, 1 hit, 0 errors, 1 left on base; Batavia 5 - Boise 3
BOTTOM OF THE 8TH
Boise Hawks batting - Pitching for Batavia Muckdogs : RHP Jesus Gomez
Batting: LHB Jerry Santana 0-0: Ball
1-0: Foul Ball, location: 2F
1-1: Ground out U3 (Groundball, 13, EV 82.5 MPH)
Pitching: LHP Will Sledge
Batting: SHB Ken Griffey IV 0-0: Ball
1-0: Ball
2-0: Ball
3-0: Base on Balls
Batting: LHB Jason Ryan 0-0: Called Strike
0-1: Foul Ball, location: 2F
0-2: Ball
1-2: Strikes out swinging
Batting: SHB Chris Besselman 0-0: Ball
1-0: Ball
2-0: Called Strike
2-1: Foul Ball, location: 2F
2-2: Ball
3-2: Fly out, F8 (Line Drive, 8LD, EV 97.5 MPH)
Bottom of the 8th over - 0 runs, 0 hits, 0 errors, 1 left on base; Batavia 5 - Boise 3
TOP OF THE 9TH
Batavia Muckdogs batting - Pitching for Boise Hawks : LHP Josh Alvarez
Batting: RHB Justin Dunham 0-0: Called Strike
0-1: SOLO HOME RUN (Flyball, 78XD, EV 105.6 MPH), Distance : 416 ft
Batting: RHB Reomel Somera 0-0: Ground out 6-3 (Groundball, P, EV 86.2 MPH)
Batting: LHB Danny Treto 0-0: Ball
1-0: Swinging Strike
1-1: Called Strike
1-2: Ground out U3 (Groundball, 3, EV 100.0 MPH)
Batting: RHB Andy Kelly 0-0: Called Strike
0-1: Ball
1-1: Foul Ball, location: 2F
1-2: Ball
2-2: Strikes out swinging, 2-3 out at first.
Top of the 9th over - 1 run, 1 hit, 0 errors, 0 left on base; Batavia 6 - Boise 3
BOTTOM OF THE 9TH
Boise Hawks batting - Pitching for Batavia Muckdogs : LHP Will Sledge
Pitching: RHP Glen Patterson
Batting: RHB Dan Hoffman 0-0: Called Strike
0-1: Ball
1-1: Ball
2-1: Foul Ball, location: 2F
2-2: Fly out, F9 (Line Drive, 9S, EV 91.9 MPH)
Batting: RHB Ryan Ward 0-0: Called Strike
0-1: Ground out 5-3 (Groundball, 5, EV 83.1 MPH)
Batting: LHB Georges Lambert 0-0: Called Strike
0-1: Foul Ball, location: 2F
0-2: Foul Ball, location: 2F
0-2: Foul Ball, location: 2F
0-2: Ball
1-2: Ground out 5-3 (Groundball, 56S, EV 88.8 MPH)
Bottom of the 9th over - 0 runs, 0 hits, 0 errors, 0 left on base; Batavia 6 - Boise 3
Tuesday, March 28th , 2023 - OOTP Baseball 23.10 Build 110